 Dungeon Crawl Stone Soup version 0.30-a0-310-g7d6cbdfea6 (webtiles) character file.

Game seed: 2167922816043358824

1733 McGhostyFace the Charlatan (level 9, -9/67 HPs)
             Began as a Gnoll Wanderer on Oct 25, 2022.
             Was a Believer of Kikubaaqudgha.
             Killed by an exploding butterfly (23 damage)
             ... ignited by their inner flame
             ... on level 7 of the Dungeon.
             The game lasted 00:21:13 (6804 turns).

McGhostyFace the Charlatan (Gnoll Wanderer)         Turns: 6804, Time: 00:21:14

Health: -9/67      AC:  6    Str: 12    XL:     9   Next: 5%
Magic:  24/24      EV: 14    Int: 21    God:    Kikubaaqudgha [**....]
Gold:   21         SH:  5    Dex: 25    Spells: 11/16 levels left

rFire   . . .      SeeInvis .    B - +7 hammer of the Muttering Gods {vorpal, rF+ rC+ Dex+4}
rCold   + + .      Faith    .    e - orb {mayhem}
rNeg    . . .      Spirit   .    f - +0 leather armour
rPois   +          Reflect  +    (no helmet)
rElec   .          Harm     .    A - +0 cloak
rCorr   .          Rampage  .    w - +1 pair of gloves
Will    .....                    (no boots)
Stlth   +++.......               m - amulet of reflection
HPRegen 0.31/turn                n - ring of protection from cold
MPRegen 0.19/turn                I - ring "Soinud" {rPois rF- MP+9 Int+9 Dex+6}

@: no status effects
A: fangs 1, strong nose, distributed training
a: Renounce Religion, Unearth Wretches


You were on level 7 of the Dungeon.
You worshipped Kikubaaqudgha.
Kikubaaqudgha was pleased with you.
You visited 1 branch of the dungeon, and saw 7 of its levels.
You also visited: Sewer.

You collected 385 gold pieces.
You spent 364 gold pieces at shops.

Inventory:

Hand Weapons
 a - a +2 dagger
 c - a +0 quarterstaff
 B - the +7 hammer of the Muttering Gods (weapon) {vorpal, rF+ rC+ Dex+4}
   (You found it on level 4 of the Dungeon)

   It inflicts extra damage upon your enemies.
   Dex:       It affects your dexterity (+4).
   rF:        It protects you from fire.
   rC:        It protects you from cold.
Missiles
 b - a throwing net
 h - 4 boomerangs of dispersal
 o - 2 curare-tipped darts
 p - 5 poisoned darts
 u - 31 stones
Armour
 e - an orb of mayhem (worn)
 f - a +0 leather armour (worn)
 w - a +1 pair of gloves (worn)
 A - a +0 cloak (worn)
Magical Staves
 F - a staff of air
Jewellery
 m - an amulet of reflection (around neck)
 n - a ring of protection from cold (left hand)
 D - a +6 ring of intelligence
 I - the ring "Soinud" (right hand) {rPois rF- MP+9 Int+9 Dex+6}
   (You found it on level 6 of the Dungeon)

   [ring of dexterity]

   Int:       It affects your intelligence (+9).
   Dex:       It affects your dexterity (+6).
   rF:        It makes you vulnerable to fire.
   rPois:     It protects you from poison.
   MP:        It affects your magic capacity (+9).
Wands
 d - a wand of polymorph (7)
 G - a wand of roots (1) (quivered)
Scrolls
 g - 3 scrolls of butterflies
 k - a scroll of immolation
 l - 2 scrolls of poison
 r - 2 scrolls of noise
 t - a scroll of silence {unknown}
 v - 3 scrolls of identify
 y - a scroll of blinking {unknown}
 E - a scroll of enchant armour {unknown}
 H - 3 scrolls of summoning
Potions
 i - 4 potions of berserk rage
 j - 3 potions of mutation {unknown}
 q - 2 potions of attraction {unknown}
 s - 3 potions of heal wounds {unknown}
 x - 3 potions of brilliance {unknown}
 z - a potion of resistance {unknown}
 C - 4 potions of curing {unknown}


   Skills:
 + Level 4.8 Fighting
 + Level 4.0 Short Blades
 + Level 4.0 Long Blades
 + Level 4.0 Axes
 + Level 4.0 Maces & Flails
 + Level 4.0 Polearms
 + Level 7.7 Staves
 + Level 4.0 Ranged Weapons
 + Level 7.7 Throwing
 + Level 4.0 Armour
 + Level 4.0 Dodging
 + Level 4.0 Stealth
 + Level 4.0 Shields
 + Level 4.0 Unarmed Combat
 + Level 4.0 Spellcasting
 + Level 3.2 Conjurations
 + Level 3.2 Hexes
 + Level 3.2 Summonings
 + Level 3.2 Necromancy
 + Level 3.2 Translocations
 + Level 3.2 Transmutations
 + Level 3.2 Fire Magic
 + Level 3.2 Ice Magic
 + Level 3.2 Air Magic
 + Level 3.2 Earth Magic
 + Level 3.2 Poison Magic
 + Level 4.4 Invocations
 + Level 7.7 Evocations


You had 11 spell levels left.
You knew the following spells:

 Your Spells              Type           Power      Damage    Failure   Level
a - Necrotise             Necr           68%        1d7       4%          1
b - Olgreb's Toxic Radia  Pois           17%        N/A       36%         4

Your spell library contained the following spells:

 Spells                   Type           Power      Damage    Failure   Level
 Kiss of Death            Conj/Necr      68%        2d10      4%          1
 Cigotuvi's Dreadful Rot  Necr/Pois/Air  34%        N/A       6%          2
 Sublimation of Blood     Necr           17%        N/A       6%          2
 Ignite Poison            Fire/Tmut/Pois 17%        N/A       12%         3
 Vampiric Draining        Necr           17%        2d7       12%         3
 Anguish                  Hex/Necr       8%         N/A       36%         4
 Dispel Undead            Necr           17%        3d10      36%         4
 Sticky Flame             Conj/Fire      17%        2d4       36%         4
 Alistair's Intoxication  Tmut/Pois      11%        N/A       73%         5
 Borgnjor's Vile Clutch   Necr/Erth      8%         N/A       73%         5
 Death Channel            Necr           8%         N/A       99%         6
 Simulacrum               Ice/Necr       8%         N/A       99%         6
 Ignition                 Fire           8%         3d5       100%        8


Dungeon Overview and Level Annotations

Branches:
Dungeon (7/15)             Temple (0/1) D:4           Sewer (visited)

Altars:
Kikubaaqudgha
Qazlal
Uskayaw

Shops:
D:1 ?   D:5 *   D:6 :


Innate Abilities, Weirdness & Mutations

You have very sharp teeth.
Your uncanny sense of smell can sniff out nearby items.
Your experience applies equally to all skills.


Message History

The fiery explosion engulfs your butterfly!!!
Your butterfly disappears in a burst of colours!
The fiery explosion engulfs your butterfly!!
Your butterfly disappears in a burst of colours!
Your butterfly explodes!
The fiery explosion engulfs your butterfly!!!
Your butterfly disappears in a burst of colours!
The fiery explosion engulfs your butterfly!!
Your butterfly disappears in a burst of colours!
Your butterfly explodes!
The fiery explosion engulfs your butterfly!
Your butterfly disappears in a burst of colours!
Your butterfly explodes! x2
The fiery explosion engulfs your butterfly!!
Your butterfly disappears in a burst of colours!
Your butterfly explodes!
The fiery explosion engulfs your butterfly!!
Your butterfly disappears in a burst of colours!
The fiery explosion engulfs your butterfly!!
Your butterfly disappears in a burst of colours!
The fiery explosion engulfs your butterfly!!
Your butterfly disappears in a burst of colours!
Your butterfly explodes!
The fiery explosion engulfs your butterfly!!
Your butterfly disappears in a burst of colours!
The fiery explosion engulfs your butterfly!
Your butterfly disappears in a burst of colours!
The fiery explosion engulfs your butterfly!!
Your butterfly disappears in a burst of colours!
Your butterfly explodes! x2
The fiery explosion engulfs you!
Your butterfly explodes! x2
The fiery explosion engulfs you!!
Your butterfly explodes! x3
The fiery explosion engulfs you!
* * * LOW HITPOINT WARNING * * *
Your butterfly explodes!
The fiery explosion engulfs you!!
You die...
Kikubaaqudgha rasps: "You have failed me!
Welcome... death!"

§§§§ §§§ #§.#
§§§## # §§§##
§# # #§§§ §§#§#
§§#.§#§§#§§§b§§
§§§§.§§@§§§#
§##.####§§##
§§# §## §§ §§
§§§ §§§


There were no monsters in sight!

Vanquished Creatures
  Grinder (D:6)
  Duvessa (D:6)
  3 water moccasins
  An orc warrior (D:6)
  A black bear (D:3)
  An ogre (D:5)
  2 scorpions
  2 bullfrogs (D:6)
  A necrophage (D:5)
  Dowan (D:6)
  A hound (D:6)
  An orc priest (D:3)
  Crazy Yiuf (D:4)
  5 iguanas
  3 orc wizards
  4 gnolls (D:2)
  2 adders
  A white imp (D:6)
  5 ufetubi
  5 worms
  A dart slug (D:2)
  19 orcs
  17 bats
  5 endoplasms
  A giant cockroach (D:4)
  5 goblins
  6 hobgoblins
  8 jackals
  11 kobolds
  3 quokkas
  3 ball pythons
  A frilled lizard (D:3)
  7 rats
129 creatures vanquished.

Vanquished Creatures (collateral kills)
  An orc (D:5)
1 creature vanquished.

Vanquished Creatures (others)
  3 demonic plants (D:5)
3 creatures vanquished.

Grand Total: 133 creatures vanquished

Notes
Turn   | Place    | Note
-------+----------+-------------------------------------------
     0 | D:1      | McGhostyFace the Gnoll Wanderer began the quest for the
                  | Orb.
     0 | D:1      | McGhostyFace set off with the following items: a +2 dagger,
                  | 4 curare-tipped darts, a +0 quarterstaff, a wand of
                  | polymorph (7), a potion of haste, a +0 leather armour.
     0 | D:1      | Reached XP level 1. HP: 17/17 MP: 1/1
    88 | D:1      | Found Gasitas's Magic Scroll Shop.
    91 | D:1      | Reached XP level 2. HP: 23/23 MP: 2/2
   575 | D:1      | Reached XP level 3. HP: 25/28 MP: 3/3
   767 | D:2      | Found a hide-covered altar of Uskayaw.
   808 | D:2      | Reached skill level 1 in Invocations
   962 | D:2      | Reached skill level 1 in Short Blades
   962 | D:2      | Reached skill level 1 in Long Blades
   962 | D:2      | Reached skill level 1 in Axes
   962 | D:2      | Reached skill level 1 in Maces & Flails
   962 | D:2      | Reached skill level 1 in Polearms
   962 | D:2      | Reached skill level 1 in Ranged Weapons
   962 | D:2      | Reached skill level 1 in Armour
   962 | D:2      | Reached skill level 1 in Dodging
   962 | D:2      | Reached skill level 1 in Stealth
   962 | D:2      | Reached skill level 1 in Shields
   962 | D:2      | Reached skill level 1 in Unarmed Combat
   962 | D:2      | Reached skill level 1 in Spellcasting
   998 | D:2      | Reached XP level 4. HP: 16/34 MP: 5/5
  1009 | D:2      | Reached skill level 1 in Conjurations
  1009 | D:2      | Reached skill level 1 in Hexes
  1009 | D:2      | Reached skill level 1 in Summonings
  1009 | D:2      | Reached skill level 1 in Necromancy
  1009 | D:2      | Reached skill level 1 in Translocations
  1009 | D:2      | Reached skill level 1 in Transmutations
  1009 | D:2      | Reached skill level 1 in Fire Magic
  1009 | D:2      | Reached skill level 1 in Ice Magic
  1009 | D:2      | Reached skill level 1 in Air Magic
  1009 | D:2      | Reached skill level 1 in Earth Magic
  1009 | D:2      | Reached skill level 1 in Poison Magic
  1534 | D:2      | Found a faded altar of an unknown god.
  1541 | D:2      | Prayed at the altar of an unknown god.
  1541 | D:2      | Became a worshipper of Kikubaaqudgha
  1541 | D:2      | Reached * piety under Kikubaaqudgha
  1541 | D:2      | Received a gift from Kikubaaqudgha
  1544 | D:2      | Learned a level 1 spell: Necrotise
  1956 | D:3      | Reached XP level 5. HP: 34/40 MP: 7/7
  2641 | D:4      | Found a staircase to the Ecumenical Temple.
  2642 | D:4      | Noticed a black bear
  2711 | D:3      | Killed a black bear
  2712 | D:3      | Reached XP level 6. HP: 22/47 MP: 4/8
  3072 | D:4      | Found a stormy altar of Qazlal.
  3606 | D:4      | Reached ** piety under Kikubaaqudgha
  3721 | D:4      | Found a runed translucent door.
  3722 | D:4      | Noticed Crazy Yiuf
  3730 | D:4      | Killed Crazy Yiuf
  3739 | D:4      | Identified the +7 hammer of the Muttering Gods {vorpal, rF+
                  | rC+ Dex+4}
  3979 | D:5      | Entered Level 5 of the Dungeon
  4097 | D:5      | Reached XP level 7. HP: 46/52 MP: 10/10
  4432 | D:5      | Found a glowing drain.
  4466 | Sewer    | Entered a sewer
  4545 | Sewer    | Reached XP level 8. HP: 36/60 MP: 12/12
  4787 | D:5      | Found Wuvufala's Serpentskin Sales.
  5436 | D:6      | Found Iddeomp's Vocational Training.
  5490 | D:6      | Noticed Grinder
  5505 | D:6      | Killed Grinder
  6001 | D:6      | Noticed Duvessa
  6004 | D:6      | Noticed Dowan
  6018 | D:6      | Killed Duvessa
  6021 | D:6      | Killed Dowan
  6069 | D:6      | Identified the ring "Soinud" {rPois rF- MP+9 Int+9 Dex+6}
  6087 | D:6      | Reached XP level 9. HP: 56/66 MP: 10/14
  6088 | D:6      | Reached *** piety under Kikubaaqudgha
  6088 | D:6      | Received a gift from Kikubaaqudgha
  6680 | D:5      | Bought Sif Muna's Grimoire of Envenoming for 364 gold
                  | pieces
  6685 | D:5      | Learned a level 4 spell: Olgreb's Toxic Radiance
  6804 | D:7      | Killed by an exploding butterfly... ignited by their inner
                  | flame

Illustrated notes

Levels and vault maps discovered:
D:1:      wander_arrival_desolate, layout_rooms, serial_shops,
          nicolae_shop_crystal
D:2:      layout_basic, basic_altar, chequers_ecumenical_altar_lobes,
          kennysheep_path_1, minmay_misc_feat_iff
D:3:      layout_loops_ring, chequers_serial_rivers_marsh
D:4:      layout_loops_cross, kennysheep_little_box,
          minmay_temple_entry_statues_pillars, kennysheep_potato,
          uniq_crazy_yiuf_cottage
D:5:      layout_rooms, serial_demonic, serial_demonic_e, serial_demonic_a,
          serial_demonic_f, serial_demonic_e, cheibrodos_sewer_entry_bend,
          guppyfry_shop_venom
D:6:      layout_basic, nicolae_shop_vocational, uniq_duvessa, uniq_grinder
D:7:      layout_cave_pools, mainiacjoe_overflow_cross_hatched,
          makhleb_blood_cavern_becter, enter_ossuary_3,
          nicolae_kite_square_tiling_tiny

Skill      XL: |  1  2  3  4  5  6  7  8  9 |
---------------+----------------------------+-----
Invocations    | 1 2 3 4 |  4.4
Short Blades   | 1 2 3 4 |  4.0
Long Blades    | 1 2 3 4 |  4.0
Axes           | 1 2 3 4 |  4.0
Maces & Flails | 1 2 3 4 |  4.0
Polearms       | 1 2 3 4 |  4.0
Ranged Weapons | 1 2 3 4 |  4.0
Armour         | 1 2 3 4 |  4.0
Dodging        | 1 2 3 4 |  4.0
Stealth        | 1 2 3 4 |  4.0
Shields        | 1 2 3 4 |  4.0
Unarmed Combat | 1 2 3 4 |  4.0
Spellcasting   | 1 2 3 4 |  4.0
Conjurations   | 1 2 3 |  3.2
Hexes          | 1 2 3 |  3.2
Summonings     | 1 2 3 |  3.2
Necromancy     | 1 2 3 |  3.2
Translocations | 1 2 3 |  3.2
Transmutations | 1 2 3 |  3.2
Fire Magic     | 1 2 3 |  3.2
Ice Magic      | 1 2 3 |  3.2
Air Magic      | 1 2 3 |  3.2
Earth Magic    | 1 2 3 |  3.2
Poison Magic   | 1 2 3 |  3.2
Fighting       | 3 4 |  4.8
Staves         | 7 |  7.7
Throwing       | 7 |  7.7
Evocations     | 7 |  7.7

Action                   |  1- 3 |  4- 6 |  7- 9 || total
-------------------------+-------+-------+-------++-------
Melee: Dagger            |    17 |       |       ||    17
       Quarterstaff      |    58 |   160 |       ||   218
       Bite              |     6 |    20 |    14 ||    40
       Mace              |       |    16 |   147 ||   163
Throw: Dart              |     6 |    12 |     5 ||    23
       Stone             |       |     2 |     4 ||     6
       Boomerang         |       |     1 |       ||     1
 Cast: Necrotise         |       |     7 |     4 ||    11
Evoke: Wand              |       |       |     1 ||     1
  Use: Potion            |       |     1 |       ||     1
       Scroll            |       |       |     5 ||     5
 Stab: Sleeping          |     1 |     7 |     1 ||     9
Armor: Leather armour    |    30 |    39 |    36 ||   105
Dodge: Dodged            |    63 |    85 |   102 ||   250
Block: Other             |     4 |    44 |       ||    48
       Orb               |       |     3 |    49 ||    52

Table legend: (Time is in decaauts)
 A = Elapsed time spent in this place.
 B = Non-inter-level travel time spent in this place.
 C = Inter-level travel time spent in this place.
 D = Time resting spent in this place.
 E = Time spent auto-exploring this place.
 F = Levels seen in this place.
 G = Mean time per level.
                   A        B        C        D        E       F      G
               +--------+--------+--------+--------+--------+-----+--------+
         Total |   6823 |   6464 |    359 |   1465 |   3575 |   8 |  852.9 |
       Dungeon |   6700 |   6341 |    359 |   1465 |   3543 |   7 |  957.1 |
         Sewer |    123 |    123 |      0 |      0 |     32 |   1 |  123.0 |
               +--------+--------+--------+--------+--------+-----+--------+

Top non-repeatable levels by time:
     D:6: 1517 daAuts
     D:5: 1222 daAuts
     D:4: 1128 daAuts
     D:3: 1062 daAuts
     D:2: 1022 daAuts
     D:1: 743 daAuts
   Sewer: 123 daAuts
     D:7: 4 daAuts
